 Dungeon Crawl Stone Soup version 0.21-a0-538-gd16b88a (webtiles) character file.

34036 Amnesiac the Thaumaturge (level 13, -5/99 HPs)
             Began as a Gnoll Earth Elementalist on Dec 15, 2017.
             Was a Believer of Ashenzari.
             Slain by a death knight
             ... wielding a +1 battleaxe
              (26 damage)
             ... on level 12 of the Dungeon.
             The game lasted 00:44:32 (14341 turns).

Amnesiac the Thaumaturge (GnEE)                    Turns: 14341, Time: 00:44:32

Health: -5/99      AC: 15    Str: 13    XL:     13   Next: 74%
Magic:  4/35       EV: 17    Int: 22    God:    Ashenzari [**....]
Gold:   1679       SH: 11    Dex: 14    Spells: 11/31 levels left

rFire    + . .     SeeInvis +   a - +2 broad axe (elec)
rCold    + . .     Gourm    .   S - +0 shield (curse)
rNeg     . . .     Faith    .   c - +0 troll leather armour (curse)
rPois    .         Spirit   .   y - +2 hat {SInv} (curse)
rElec    .         Reflect  .   (no cloak)
rCorr    .         Harm     .   g - +0 pair of gloves (curse)
MR       .....                  v - +2 pair of boots {run} (curse)
Stlth    ++++......             h - amulet of regeneration (curse)
HPRegen  1.06/turn              m - +3 ring of protection
MPRegen  0.24/turn              x - ring of magical power (curse)

@: quick
A: distributed training, fangs 1, horns 1, blurry vision 2, clumsy 1, cold
resistance 1, fire resistance 1, strong 1, strong nose
a: Curse Item, Scrying, Renounce Religion


You were on level 12 of the Dungeon.
You worshipped Ashenzari.
Ashenzari was pleased with you.
You were not hungry.

You visited 4 branches of the dungeon, and saw 16 of its levels.
You also visited: Bailey and Ice Cave.

You collected 1916 gold pieces.
You spent 237 gold pieces at shops.

Inventory:

Hand Weapons
 a - a +2 broad axe of electrocution (weapon)
 b - a +2 dagger of draining
 w - a +5 blowgun
Missiles
 j - 2 javelins of returning
 D - 3 throwing nets
 G - 312 stones
 I - 50 poisoned needles
 T - 80 tomahawks of returning (quivered)
Armour
 c - a cursed +0 troll leather armour (worn)
 g - a cursed +0 pair of gloves (worn)
 v - a cursed +2 pair of boots of running (worn)
 y - a cursed +2 hat of see invisible (worn)
 S - a cursed +0 shield (worn)
Jewellery
 e - an uncursed ring of ice
 h - a cursed amulet of regeneration (around neck)
 k - an uncursed ring of fire
 m - a +3 ring of protection (left hand)
 x - a cursed ring of magical power (right hand)
 F - an uncursed amulet of rage
 Y - an uncursed ring of see invisible
 Z - an uncursed ring of poison resistance
Wands
 C - a wand of digging (12)
 L - a wand of paralysis (15)
 M - a wand of acid (4)
 O - a wand of disintegration (10)
 V - a wand of flame (38)
Scrolls
 f - 2 scrolls of fear {!r}
 i - 8 scrolls of teleportation {!r}
 n - a scroll of amnesia {!r}
 o - a scroll of enchant weapon {!r}
 r - 2 scrolls of remove curse {!r}
 t - a scroll of vulnerability {!r}
 A - 3 scrolls of identify {!r}
 K - 3 scrolls of magic mapping {!r}
 N - a scroll of enchant armour {!r}
 Q - 3 scrolls of blinking {!r}
Potions
 l - 5 potions of berserk rage {!q}
 p - 4 potions of lignification {!q}
 s - 3 potions of might {!q}
 u - 8 potions of curing {!q}
 z - 2 potions of heal wounds {!q}
 B - 2 potions of flight {!q}
 E - 10 potions of mutation {!q}
 H - 4 potions of cancellation {!q}
 J - 2 potions of brilliance {!q}
 P - 3 potions of agility {!q}
 R - 3 potions of magic {!q}
 U - a potion of resistance {!q, unknown}
Comestibles
 d - 6 bread rations
 q - 4 meat rations
 W - 9 chunks of flesh


   Skills:
 + Level 8.4 Fighting
 + Level 8.4 Short Blades
 + Level 8.4 Long Blades
 + Level 8.4 Axes
 + Level 8.4 Maces & Flails
 + Level 8.4 Polearms
 + Level 8.4 Staves
 + Level 8.4 Slings
 + Level 8.4 Bows
 + Level 8.4 Crossbows
 + Level 8.4 Throwing
 + Level 8.4 Armour
 + Level 9.6(11.0) Dodging
 + Level 9.4(10.8) Stealth
 + Level 8.4(9.9) Shields
 + Level 8.4 Unarmed Combat
 + Level 9.8 Spellcasting
 + Level 7.0(8.5) Conjurations
 + Level 7.0(8.5) Hexes
 + Level 7.0(8.5) Charms
 + Level 7.0(8.5) Summonings
 + Level 7.0(8.5) Necromancy
 + Level 7.0(8.5) Translocations
 + Level 7.4(8.9) Transmutations
 + Level 7.0(8.5) Fire Magic
 + Level 7.0(8.5) Ice Magic
 + Level 7.0(8.5) Air Magic
 + Level 9.0(10.4) Earth Magic
 + Level 7.0(8.5) Poison Magic
 + Level 9.2 Invocations
 + Level 8.4(9.9) Evocations


You had 11 spell levels left.
You knew the following spells:

 Your Spells              Type           Power        Failure   Level  Hunger
a - Sandblast             Erth           ######       1%          1    None
b - Passwall              Tmut/Erth      ######....   1%          2    None
c - Apportation           Tloc           #####.       1%          1    None
d - Lee's Rapid Deconstr  Erth           ######....   5%          5    ####...
e - Petrify               Tmut/Erth      ######..     2%          4    ##.....
f - Animate Skeleton      Necr           N/A          1%          1    None
g - Summon Small Mammal   Summ           ####         1%          1    None
w - Force Lance           Conj/Tloc      #####...     4%          4    ##.....
z - Confusing Touch       Hex            #####.       1%          1    None


Dungeon Overview and Level Annotations

Branches:
Dungeon (12/15)            Temple (1/1) D:6            Lair (0/6) D:8
    Orc (2/2) D:10            Elf (1/3) Orc:2

Altars:
Ashenzari
Cheibriados
Dithmenos
Elyvilon
Fedhas
Gozag
Hepliaklqana
Kikubaaqudgha
Makhleb
Nemelex Xobeh
Okawaru
Qazlal
Ru
Sif Muna
Trog
Uskayaw
Vehumet
Wu Jian
Xom
Yredelemnul
Zin
The Shining One
Beogh

Shops:
D:10 [   Orc:2 [=*(


Innate Abilities, Weirdness & Mutations

Your experience applies equally to all skills.
You have very sharp teeth.
Your uncanny sense of smell can sniff out nearby items.
You have a pair of small horns on your head.
Scrolls take you longer to read.
You are clumsy. (Dex -2)
Your flesh is cold resistant. (rC+)
Your flesh is heat resistant. (rF+)
Your muscles are strong. (Str +2)


Message History

Lightning courses through the death knight!
The death knight is moderately wounded.
The death knight reflects your damage back at you!
The death knight's dark mirror aura disappears.
You block the death knight's attack. The death knight misses you.
You hit the death knight but do no damage.
Lightning courses through the death knight!
The death knight is moderately wounded.
You feel yourself speed up.
The death knight hits you with an enchanted battleaxe!
Casting: Force Lance
Confirm with . or Enter, or press ? or * to list all spells.
Aiming: Petrify
Press: ? - help, Shift-Dir - straight line, f - death knight
Aim: a death knight, wielding an enchanted battleaxe and wearing a plate armour (moderately wounded, chance to defeat MR: 23%)
The death knight resists with almost no effort.
You block the death knight's attack.
You closely miss the death knight.
The death knight is moderately wounded.
The death knight hits you with an enchanted battleaxe!!
* * * LOW HITPOINT WARNING * * *
You hit the death knight but do no damage.
The death knight is moderately wounded.
You block the death knight's attack.
You hit the death knight but do no damage.
Lightning courses through the death knight!
The death knight is heavily wounded.
You block the death knight's attack.
You barely miss the death knight.
The death knight is heavily wounded.
The death knight hits you with an enchanted battleaxe!
* * * LOW HITPOINT WARNING * * *
You hit the death knight.
The death knight is heavily wounded.
You block the death knight's attack.
You closely miss the death knight.
The death knight is heavily wounded.
You slash the death knight!
Lightning courses through the death knight!
You headbutt the death knight, but do no damage.
The death knight is severely wounded.
The death knight hits you but does no damage.
You completely miss the death knight.
You headbutt the death knight, but do no damage.
You bite the death knight, but do no damage.
The death knight is severely wounded.
The death knight misses you.
You hit the death knight but do no damage.
You bite the death knight, but do no damage.
The death knight is severely wounded.
The death knight hits you but does no damage.
You slash the death knight!
You headbutt the death knight, but do no damage.
The death knight is almost dead.
The death knight barely misses you.
You hit the death knight but do no damage.
The death knight is almost dead.
The death knight offers itself to Yredelemnul, and fills with unholy energy.
The death knight hits you with an enchanted battleaxe!!
* * * LOW HITPOINT WARNING * * *
You barely miss the death knight.
The death knight is almost dead.
The death knight hits you with an enchanted battleaxe!!
You die...

* *#.......# #... ###.#####
###' ,** #..# #. , * ##.##
##### , #..# #.... *
##.###### #.... * #...[...#
###....
#[#######.......###...... *
**#....zWp@...........#....
,....#######.......#####....
# ∆* ####.#### ###.# * #.#
#.. * * ##.# ### ,* #..# #
#####+### #####.####
#.......###........# #####
#.......'.#........# #....


You could see a death knight, a skeletal warrior and a freezing wraith.

Vanquished Creatures
  An orc warlord (Orc:2)
  An ettin (Orc:1)
  The ghost of tidbits the Magician, a journeyman GnEE of Cheibriados (D:10)
  2 hydras (D:12)
  Harold (Orc:1)
  The ghost of Vorshek the Carver, a journeyman HuFi of Ashenzari (D:11)
  2 two-headed ogres
  5 orc high priests (Orc:2)
  Urug (Orc:1)
  The ghost of galech the Grappler, a novice TrMo (D:11)
  Pikel (D:4)
  4 orc knights
  3 ugly things
  A cyclops (Orc:2)
  2 orc sorcerers (Orc:2)
  3 ice statues (IceCv)
  A gargoyle (D:12)
  A komodo dragon (D:10)
  A freezing wraith (D:12)
  9 trolls
  3 hornets
  5 hippogriffs
  A wraith (D:12)
  Grum (D:8)
  4 vampire mosquitoes (D:12)
  6 wargs
  A hungry ghost (D:9)
  Eustachio (D:5)
  Menkaure (D:5)
  Duvessa (D:5)
  A water moccasin (D:10)
  2 sky beasts
  A hornet zombie (D:10)
  17 ice beasts
  2 black bears
  37 orc warriors
  2 necrophages
  A phantom (D:12)
  3 wolves (D:8)
  A centaur (D:5)
  10 ogres
  2 big kobolds
  A wyvern zombie (D:6)
  6 bullfrogs
  A gnoll sergeant (D:11)
  Dowan (D:5)
  6 scorpions
  A wyvern skeleton (D:7)
  10 killer bees
  5 wights (D:10)
  11 howler monkeys
  11 crimson imps
  A quasit (D:8)
  2 gnoll shamans
  6 orc priests
  2 hounds
  4 iguanas
  5 jellies
  2 bullfrog skeletons
  3 centaur skeletons
  Jessica (D:3)
  Natasha (thrice) (D:4)
  6 worker ants
  19 orc wizards
  A worker ant zombie (D:9)
  2 howler monkey skeletons
  26 gnolls
  12 adders
  2 white imps (D:7)
  An adder skeleton (D:9)
  5 worms
  3 dart slugs (D:4)
  3 leopard geckos
  59 orcs
  8 bats
  5 giant cockroaches
  9 goblins
  16 hobgoblins
  15 jackals
  26 kobolds
  4 quokkas
  2 ball pythons
  7 frilled lizards
  A quokka skeleton (D:4)
  2 rats
461 creatures vanquished.

Vanquished Creatures (others)
  An orc (Orc:1)
  27 fungi (Orc:2)
28 creatures vanquished.

Grand Total: 489 creatures vanquished

Notes
Turn   | Place    | Note
-------+----------+-------------------------------------------
     0 | D:1      | Amnesiac the Gnoll Earth Elementalist began the quest for the Orb.
     0 | D:1      | Reached XP level 1. HP: 13/13 MP: 6/6
   317 | D:1      | Reached XP level 2. HP: 19/19 MP: 4/7
   321 | D:1      | Learned a level 2 spell: Passwall
  1368 | D:2      | Reached XP level 3. HP: 25/25 MP: 9/9
  1459 | D:2      | Reached skill level 5 in Spellcasting
  1565 | D:2      | Found a radiant altar of Vehumet.
  1589 | D:2      | Reached skill level 1 in Invocations
  1600 | D:2      | Reached skill level 1 in Fighting
  1600 | D:2      | Reached skill level 1 in Short Blades
  1600 | D:2      | Reached skill level 1 in Long Blades
  1600 | D:2      | Reached skill level 1 in Axes
  1600 | D:2      | Reached skill level 1 in Maces & Flails
  1600 | D:2      | Reached skill level 1 in Polearms
  1600 | D:2      | Reached skill level 1 in Staves
  1600 | D:2      | Reached skill level 1 in Slings
  1600 | D:2      | Reached skill level 1 in Bows
  1600 | D:2      | Reached skill level 1 in Crossbows
  1600 | D:2      | Reached skill level 1 in Throwing
  1600 | D:2      | Reached skill level 1 in Armour
  1600 | D:2      | Reached skill level 1 in Shields
  1600 | D:2      | Reached skill level 1 in Unarmed Combat
  1600 | D:2      | Reached skill level 1 in Evocations
  1728 | D:2      | Reached XP level 4. HP: 32/32 MP: 7/11
  1737 | D:2      | Learned a level 4 spell: Petrify
  2286 | D:3      | Reached skill level 1 in Conjurations
  2286 | D:3      | Reached skill level 1 in Hexes
  2286 | D:3      | Reached skill level 1 in Charms
  2286 | D:3      | Reached skill level 1 in Summonings
  2286 | D:3      | Reached skill level 1 in Necromancy
  2286 | D:3      | Reached skill level 1 in Translocations
  2286 | D:3      | Reached skill level 1 in Fire Magic
  2286 | D:3      | Reached skill level 1 in Ice Magic
  2286 | D:3      | Reached skill level 1 in Air Magic
  2286 | D:3      | Reached skill level 1 in Poison Magic
  2823 | D:3      | Noticed Jessica
  2837 | D:3      | Killed Jessica
  2837 | D:3      | Reached XP level 5. HP: 37/37 MP: 9/12
  2980 | D:3      | Learned a level 5 spell: Lee's Rapid Deconstruction
  3241 | D:4      | Noticed Natasha
  3244 | D:4      | Killed Natasha
  3244 | D:4      | Reached XP level 6. HP: 44/44 MP: 13/13
  3298 | D:4      | Found a deep blue altar of Sif Muna.
  3322 | D:4      | Reached skill level 5 in Dodging
  3445 | D:4      | Noticed Natasha
  3449 | D:4      | Noticed Pikel
  3450 | D:4      | Noticed a slave
  3450 | D:4      | Killed Natasha
  3455 | D:4      | Noticed a slave
  3456 | D:4      | Noticed a slave
  3458 | D:4      | Killed Pikel
  3458 | D:4      | Reached skill level 5 in Stealth
  3458 | D:4      | Reached XP level 7. HP: 39/51 MP: 8/15
  3458 | D:4      | Reached XP level 8. HP: 43/57 MP: 8/16
  3597 | D:4      | Noticed Natasha
  3603 | D:4      | Killed Natasha
  3631 | D:4      | Found a burning altar of Makhleb.
  3631 | D:4      | Noticed an Executioner
  3634 | D:4      | Noticed an orange demon
  3660 | D:5      | Entered Level 5 of the Dungeon
  3842 | D:5      | Noticed Menkaure
  3848 | D:5      | Killed Menkaure
  3976 | D:5      | Noticed Eustachio
  4041 | D:5      | Killed Eustachio
  4204 | D:5      | Noticed Duvessa
  4213 | D:5      | Killed Duvessa
  4213 | D:5      | Reached XP level 9. HP: 65/65 MP: 14/18
  4215 | D:5      | Noticed Dowan
  4224 | D:5      | Killed Dowan
  5240 | D:6      | Gained mutation: Scrolls take you a little longer to read. [mutagenic meat]
  5241 | D:6      | Gained mutation: Your flesh is cold resistant. (rC+) [mutagenic meat]
  5242 | D:6      | Gained mutation: You are weak. (Str -2) [mutagenic meat]
  5243 | D:6      | Gained mutation: You have a pair of small horns on your head. [mutagenic meat]
  5244 | D:6      | Gained mutation: Your spells are a little harder to cast, but a little more powerful. [mutagenic meat]
  5849 | D:6      | Found a staircase to the Ecumenical Temple.
  6113 | D:7      | Reached skill level 5 in Invocations
  6559 | D:7      | Reached XP level 10. HP: 73/73 MP: 12/20
  6678 | D:7      | Found a basalt altar of Yredelemnul.
  6776 | Temple   | Entered the Ecumenical Temple
  6867 | Temple   | Became a worshipper of Ashenzari the Shackled
  7123 | D:8      | Lost mutation: You are weak. (Str -2) [mutagenic meat]
  7124 | D:8      | Gained mutation: You are clumsy. (Dex -2) [mutagenic meat]
  7125 | D:8      | Gained mutation: Your muscles are strong. (Str +2) [mutagenic meat]
  7126 | D:8      | Gained mutation: Scrolls take you longer to read. [mutagenic meat]
  7193 | D:8      | Found a staircase to the Lair.
  7236 | D:8      | Reached skill level 5 in Fighting
  7236 | D:8      | Reached skill level 5 in Short Blades
  7236 | D:8      | Reached skill level 5 in Long Blades
  7236 | D:8      | Reached skill level 5 in Axes
  7236 | D:8      | Reached skill level 5 in Maces & Flails
  7236 | D:8      | Reached skill level 5 in Polearms
  7236 | D:8      | Reached skill level 5 in Staves
  7236 | D:8      | Reached skill level 5 in Slings
  7236 | D:8      | Reached skill level 5 in Bows
  7236 | D:8      | Reached skill level 5 in Crossbows
  7236 | D:8      | Reached skill level 5 in Throwing
  7236 | D:8      | Reached skill level 5 in Armour
  7236 | D:8      | Reached skill level 5 in Shields
  7236 | D:8      | Reached skill level 5 in Unarmed Combat
  7236 | D:8      | Reached skill level 5 in Evocations
  7327 | D:8      | Noticed Grum
  7357 | D:8      | Killed Grum
  7634 | D:8      | Learned a level 1 spell: Confusing Touch
  7636 | D:8      | Learned a level 1 spell: Apportation
  7638 | D:8      | Learned a level 1 spell: Animate Skeleton
  7641 | D:8      | Learned a level 1 spell: Summon Small Mammal
  7790 | D:9      | Found a flagged portal.
  7821 | Bailey   | Entered a bailey
  8028 | Bailey   | Reached skill level 5 in Transmutations
  8785 | D:10     | Entered Level 10 of the Dungeon
  8785 | D:10     | Noticed a two-headed ogre
  8792 | D:10     | Killed a two-headed ogre
  8836 | D:10     | Reached XP level 11. HP: 58/79 MP: 22/22
  9020 | D:10     | Found Ineot's Antique Armour Boutique.
  9025 | D:10     | Bought an aquamarine-encrusted chain mail for 237 gold pieces
  9025 | D:10     | Identified the cursed +1 chain mail of the Wumpus {rC+ MR+} (You bought it in a shop on level 10 of the Dungeon)
  9031 | D:10     | Noticed tidbits's ghost (journeyman GnEE)
  9057 | D:10     | Identified a scroll of acquirement {!r}
  9066 | D:10     | Killed tidbits's ghost
  9074 | D:10     | Identified a cursed +2 pair of boots of running (You acquired it on level 10 of the Dungeon)
  9081 | D:10     | Reached skill level 5 in Conjurations
  9081 | D:10     | Reached skill level 5 in Hexes
  9081 | D:10     | Reached skill level 5 in Charms
  9081 | D:10     | Reached skill level 5 in Summonings
  9081 | D:10     | Reached skill level 5 in Necromancy
  9081 | D:10     | Reached skill level 5 in Translocations
  9081 | D:10     | Reached skill level 5 in Fire Magic
  9081 | D:10     | Reached skill level 5 in Ice Magic
  9081 | D:10     | Reached skill level 5 in Air Magic
  9081 | D:10     | Reached skill level 5 in Poison Magic
  9330 | D:10     | Found a staircase to the Orcish Mines.
  9336 | D:10     | Reached * piety under Ashenzari
  9948 | Orc:1    | Entered Level 1 of the Orcish Mines
  9952 | Orc:1    | Noticed an orc knight
  9976 | D:10     | Killed an orc knight
 10212 | Orc:1    | Found a roughly hewn altar of Beogh.
 10315 | Orc:1    | Noticed Harold
 10346 | Orc:1    | Killed Harold
 10527 | Orc:1    | Noticed Urug
 10544 | Orc:1    | Killed Urug
 10549 | Orc:1    | Noticed an ettin
 10565 | Orc:1    | Killed an ettin
 10565 | Orc:1    | Reached XP level 12. HP: 14/87 MP: 24/24
 10740 | Orc:2    | Entered Level 2 of the Orcish Mines
 10766 | Orc:2    | Noticed an orc high priest
 10766 | Orc:2    | Found Tiar's General Store.
 10766 | Orc:2    | Noticed an orc high priest
 10766 | Orc:2    | Noticed a two-headed ogre
 10795 | Orc:2    | Noticed an orc warlord
 10798 | Orc:2    | Noticed an orc high priest
 10820 | Orc:2    | Found a staircase to the Elven Halls.
 10884 | Orc:2    | HP: 1/87 [warg (10)]
 10916 | Orc:2    | HP: 4/87 [orc warrior/scimitar (12)]
 10929 | Orc:2    | Noticed an orc high priest
 10934 | Orc:2    | Killed an orc high priest
 11194 | Orc:2    | Found Ufewothesoa's Jewellery Shop.
 11226 | Orc:2    | Killed an orc warlord
 11460 | Orc:2    | Noticed an orc high priest
 11468 | Orc:2    | Killed an orc high priest
 11530 | Orc:2    | Found Upeuc's Antique Weapon Boutique.
 11547 | Orc:2    | Lost mutation: Your spells are a little harder to cast, but a little more powerful. [a neqoxec]
 11548 | Orc:2    | Killed an orc high priest
 11625 | Orc:2    | Found Ucwuci's Antique Armour Shoppe.
 11633 | Orc:2    | Killed a two-headed ogre
 11693 | Orc:1    | Reached XP level 13. HP: 54/98 MP: 1/26
 12276 | Elf:1    | Entered Level 1 of the Elven Halls
 12610 | D:11     | Noticed galech's ghost (novice TrMo)
 12680 | D:11     | Killed galech's ghost
 12709 | D:11     | Reached ** piety under Ashenzari
 12792 | D:11     | Noticed Vorshek's ghost (journeyman HuFi)
 12810 | D:11     | Killed Vorshek's ghost
 13208 | D:11     | Gained mutation: Your flesh is heat resistant. (rF+) [mutagenic meat]
 13487 | D:12     | Learned a level 4 spell: Force Lance
 13505 | D:12     | Found a frozen archway.
 13521 | IceCv    | Entered an ice cave
 14341 | D:12     | Slain by a death knight

Vault maps used:
D:1:      lightli_arrival_windingriver, serial_co_window_serial,
          co_window_paths_b, co_window_paths_a, co_window_corner_a,
          co_window_paths_a, co_window_cross_1, co_window_paths_b,
          co_window_paths_a, co_window_broadway_a, co_window_2corner,
          co_window_of_opportunity_b, co_window_corner_ca,
          co_window_unsneaky_path_a, co_window_paths_e, glass_columns_a,
          glass_columns_a, glass_columns_b, glass_columns_a, glass_columns_a,
          serial_bayou_pond_e
D:2:      lemuel_round_altar, serial_co_window_serial, co_window_paths_a,
          co_window_of_opportunity_a, co_window_paths_b,
          co_window_of_opportunity_a, co_window_cross_1, co_window_corner_b,
          co_window_2corner, co_window_corner_cb, co_window_of_opportunity_c,
          co_window_of_opportunity_b, co_window_sun, co_window_4corner_b,
          glass_columns_b
D:3:      first_bread, uniq_jessica
D:4:      makhleb_altar_promises_db, overflow_temple_1_default, uniq_pikel,
          uniq_natasha
D:5:      uniq_duvessa, uniq_eustachio, uniq_menkaure
D:6:      minmay_temple_entry_from_below_a, minmay_misc_feat_alley
D:7:      kennysheep_mini, minmay_nine_imps
D:8:      lair_entry_dummy, uniq_grum
D:9:      enter_bailey_3
D:10:     david_orc_3, serial_shops, kennysheep_little_box,
          hangedman_pestilent_swarm
D:12:     portal_ice_cave_entry_ice_beasts
Temple:   hc_temple_tempest_star
Orc:1:    basic_altar, uniq_harold, uniq_urug
Orc:2:    grunt_orc_gardens, grunt_orc_garden, grunt_orc_garden,
          grunt_orc_garden, grunt_orc_garden
Elf:1:    eino_elf_arrival_the_gate, orc_legates, hex_tiny, laboratory,
          uniq_nikola
Bailey:   bailey_axe_2, bailey
IceCv:    ice_cave_statue_garden_chambered

Skill      XL: |  1  2  3  4  5  6  7  8  9 10 11 12 13 |
---------------+----------------------------------------+-----
Transmutations | 2 3 4 5 6 7 |  7.4
Spellcasting   | 5 6 7 8 9 |  9.8
Invocations    | 1 2 3 4 5 6 7 8 9 |  9.2
Fighting       | 1 2 3 4 5 6 7 8 |  8.4
Short Blades   | 1 2 3 4 5 6 7 8 |  8.4
Long Blades    | 1 2 3 4 5 6 7 8 |  8.4
Axes           | 1 2 3 4 5 6 7 8 |  8.4
Maces & Flails | 1 2 3 4 5 6 7 8 |  8.4
Polearms       | 1 2 3 4 5 6 7 8 |  8.4
Staves         | 1 2 3 4 5 6 7 8 |  8.4
Slings         | 1 2 3 4 5 6 7 8 |  8.4
Bows           | 1 2 3 4 5 6 7 8 |  8.4
Crossbows      | 1 2 3 4 5 6 7 8 |  8.4
Throwing       | 1 2 3 4 5 6 7 8 |  8.4
Armour         | 1 2 3 4 5 6 7 8 |  8.4
Shields        | 1 2 3 4 5 6 7 8 |  8.4
Unarmed Combat | 1 2 3 4 5 6 7 8 |  8.4
Evocations     | 1 2 3 4 5 6 7 8 |  8.4
Conjurations   | 1 2 3 4 5 6 7 |  7.0
Hexes          | 1 2 3 4 5 6 7 |  7.0
Charms         | 1 2 3 4 5 6 7 |  7.0
Summonings     | 1 2 3 4 5 6 7 |  7.0
Necromancy     | 1 2 3 4 5 6 7 |  7.0
Translocations | 1 2 3 4 5 6 7 |  7.0
Fire Magic     | 1 2 3 4 5 6 7 |  7.0
Ice Magic      | 1 2 3 4 5 6 7 |  7.0
Air Magic      | 1 2 3 4 5 6 7 |  7.0
Poison Magic   | 1 2 3 4 5 6 7 |  7.0
Dodging        | 5 6 7 8 9 |  9.6
Stealth        | 5 6 7 8 9 |  9.4
Earth Magic    | 6 7 8 9 |  9.0

Action                   |  1- 3 |  4- 6 |  7- 9 | 10-12 | 13-15 || total
-------------------------+-------+-------+-------+-------+-------++-------
Melee: Unarmed           |     1 |       |       |       |       ||     1
       Dagger            |    50 |    76 |   219 |   198 |   102 ||   645
       Bite              |     4 |    11 |    22 |    61 |    17 ||   115
       Punch             |       |     1 |     4 |     5 |     6 ||    16
       Headbutt          |       |       |    16 |    98 |    35 ||   149
       Halberd           |       |       |       |   448 |     6 ||   454
       Broad axe         |       |       |       |    76 |   124 ||   200
Throw: Tomahawk          |       |       |       |     4 |       ||     4
       Javelin           |       |       |       |     1 |       ||     1
 Cast: Sandblast         |    31 |    45 |    70 |    15 |     6 ||   167
       Passwall          |       |     5 |     6 |    10 |    10 ||    31
       Petrify           |       |     2 |    37 |    68 |    38 ||   145
       Lee's Rapid Decon |       |       |     2 |     7 |    28 ||    37
       Force Lance       |       |       |       |       |     7 ||     7
       Summon Small Mamm |       |       |       |       |     1 ||     1
Invok: Curse Item        |       |       |       |     5 |     1 ||     6
Evoke: Wand              |       |       |     2 |    14 |       ||    16
  Use: Scroll            |       |       |     7 |    15 |       ||    22
       Potion            |       |       |     1 |     5 |       ||     6
 Stab: Sleeping          |     4 |    11 |     3 |    23 |    15 ||    56
       Distracted        |     1 |       |     1 |       |       ||     2
       Petrified         |       |     3 |    21 |    76 |    18 ||   118
       Petrifying        |       |       |     6 |    20 |     7 ||    33
       Paralysed         |       |       |     1 |     4 |       ||     5
       Fleeing           |       |       |       |     1 |       ||     1
  Eat: Chunk             |     5 |    12 |    16 |    15 |     9 ||    57
       Royal jelly       |       |       |       |     2 |       ||     2
       Fruit             |       |       |       |     2 |       ||     2
       Meat ration       |       |       |       |     2 |     2 ||     4
Armor: Robe              |     7 |    22 |    57 |    81 |       ||   167
       Troll leather arm |       |       |       |   152 |    57 ||   209
       Skin              |       |       |       |    15 |       ||    15
Dodge: Dodged            |    49 |    54 |   129 |   707 |   123 ||  1062
Block: Shield            |       |       |       |       |    65 ||    65

Table legend:
 A = Spawn XP
 B = Non-spawn XP
 C = Spawn XP percentage of total XP
 D = Spawn monster count
 E = Non-spawn monster count
 F = Spawn count percentage of total count
 G = Total turns spent on level
                    A         B        C        D         E        F      G
               +---------+---------+-------+---------+---------+-------+---------
         Total |       0 |   48623 |   0.0 |       0 |     461 |   0.0 | 14341
               +---------+---------+-------+---------+---------+-------+---------
           D:1 |       0 |      29 |   0.0 |       0 |      18 |   0.0 |  1139
           D:2 |       0 |      75 |   0.0 |       0 |      20 |   0.0 |  1112
           D:3 |       0 |     115 |   0.0 |       0 |      19 |   0.0 |   902
           D:4 |       0 |    1058 |   0.0 |       0 |      21 |   0.0 |   507
           D:5 |       0 |    1587 |   0.0 |       0 |      22 |   0.0 |  1212
           D:6 |       0 |    1152 |   0.0 |       0 |      28 |   0.0 |  1242
           D:7 |       0 |     793 |   0.0 |       0 |      15 |   0.0 |   703
           D:8 |       0 |    1886 |   0.0 |       0 |      32 |   0.0 |   754
           D:9 |       0 |    1128 |   0.0 |       0 |      24 |   0.0 |   738
          D:10 |       0 |    7262 |   0.0 |       0 |      66 |   0.0 |  1422
          D:11 |       0 |    4782 |   0.0 |       0 |      34 |   0.0 |  1067
          D:12 |       0 |    5089 |   0.0 |       0 |      20 |   0.0 |   239
         Orc:1 |       0 |    4090 |   0.0 |       0 |      25 |   0.0 |   796
         Orc:2 |       0 |   16002 |   0.0 |       0 |      72 |   0.0 |  1371
        Bailey |       0 |     355 |   0.0 |       0 |      34 |   0.0 |   372
         IceCv |       0 |    3220 |   0.0 |       0 |      11 |   0.0 |   641
               +---------+---------+-------+---------+---------+-------+---------
